 Dungeon Crawl Stone Soup version 0.23.2 (webtiles) character file.

Game seed: 4803666332727937038

1119 teukkam the Skirmisher (level 8, 0/71 HPs)
             Began as a Minotaur Fighter on Apr 9, 2019.
             Was an Initiate of Dithmenos.
             Slain by Menkaure (19 damage)
             ... on level 6 of the Dungeon on Apr 10, 2019.
             The game lasted 00:25:16 (4750 turns).

teukkam the Skirmisher (Minotaur Fighter)           Turns: 4750, Time: 00:25:17

Health: 0/71       AC: 10    Str: 23    XL:     8   Next: 12%
Magic:  16/16      EV:  6    Int: 13    God:    Dithmenos [......]
Gold:   339        SH: 10    Dex: 10    Spells: 7/7 levels left

rFire    . . .     SeeInvis +   a - +8 trident of Dim Light {drain, rC+ MP+9 Int+3 SInv}
rCold    + . .     Gourm    .   c - +0 shield
rNeg     . . .     Faith    .   e - +0 chain mail
rPois    +         Spirit   .   (helmet restricted)
rElec    .         Reflect  .   (no cloak)
rCorr    .         Harm     .   (no gloves)
MR       .....                  (no boots)
Stlth    ..........             (no amulet)
HPRegen  0.21/turn              h - ring of poison resistance
MPRegen  0.15/turn              (no ring)

@: brilliant, about to teleport
A: retaliatory headbutt, horns 2
a: Renounce Religion


You were on level 6 of the Dungeon.
You worshipped Dithmenos.
Dithmenos was noncommittal.
You were not hungry.

You visited 2 branches of the dungeon, and saw 7 of its levels.

You collected 339 gold pieces.

Inventory:

Hand Weapons
 a - the +8 trident of Dim Light (weapon) {drain, rC+ MP+9 Int+3 SInv}
   (You found it on level 5 of the Dungeon)

   A truly terrible weapon, it drains the life of those it strikes.
   It affects your intelligence (+3).
   It protects you from cold.
   It affects your magic capacity (+9).
   It lets you see invisible.
 b - a +0 hunting sling
 g - the +8 rapier "Beastslayer" {pierce, rElec rF- Dex+6 SInv}
   (You found it on level 4 of the Dungeon)

   It inflicts extra damage upon your enemies.
   It affects your dexterity (+6).
   It makes you vulnerable to fire.
   It insulates you from electricity.
   It lets you see invisible.
 i - a +0 whip of holy wrath
 l - a +0 war axe
 o - the +1 hand axe "Sarcophage" {chop, MR+ Str+3}
   (You found it on level 4 of the Dungeon)

   It inflicts extra damage upon your enemies.
   It affects your strength (+3).
   It affects your resistance to hostile enchantments.
 r - a +1 mace of protection
 y - a +0 blowgun
 C - a +2 dagger of venom
Missiles
 m - 6 tomahawks (quivered)
 t - 7 exploding tomahawks
 x - 36 sling bullets
 z - 38 poisoned needles
Armour
 c - a +0 shield (worn)
 e - a +0 chain mail (worn)
Jewellery
 h - a ring of poison resistance (left hand)
Wands
 u - a wand of disintegration (9)
Scrolls
 k - 2 scrolls of teleportation
 q - 5 scrolls of identify
 s - 4 scrolls of remove curse
 v - a scroll of holy word {unknown}
 B - a scroll of magic mapping {unknown}
Potions
 d - 3 potions of might
 j - a potion of magic {unknown}
 n - a potion of brilliance
 p - 2 potions of curing {unknown}
 A - a potion of mutation {unknown}
Comestibles
 f - 14 rations


   Skills:
 + Level 6.8 Fighting
 + Level 3.4 Short Blades
 - Level 4.6(4.7) Axes
 + Level 0.8(3.0) Polearms
 + Level 6.7 Armour
 + Level 6.7 Shields


You had 7 spell levels left.
You didn't know any spells.
Your spell library was empty.

Dungeon Overview and Level Annotations

Branches:
Dungeon (6/15)             Temple (1/1) D:6

Altars:
Cheibriados
Dithmenos
Fedhas
Hepliaklqana
Nemelex Xobeh
Okawaru
Ru
Sif Muna
Vehumet
Yredelemnul
Zin
The Shining One

Annotations:
D:4 1 runed translucent door, Borgoz's ghost, amateur GrGl
D:5 1 runed translucent door
D:6 Menkaure


Innate Abilities, Weirdness & Mutations

You reflexively headbutt those who attack you in melee.
You have a pair of horns on your head.


Message History

Your headbutt misses the worker ant.
The worker ant is heavily wounded.
The worker ant barely misses you.
The worker ant bites you but does no damage.
You completely miss the worker ant.
The worker ant is heavily wounded.
The worker ant bites you but does no damage.
Menkaure hits you!
The worker ant bites you but does no damage.
You hit Menkaure.
Menkaure is moderately damaged.
Menkaure hits you. The worker ant bites you.
* * * LOW HITPOINT WARNING * * *
It was a potion of brilliance.
You feel clever all of a sudden. Menkaure barely misses you.
You furiously retaliate!
You headbutt Menkaure.
The worker ant bites you but does no damage.
As you read the scroll of teleportation, it crumbles to dust.
You feel strangely unstable. Menkaure hits you!!
You die...

#. #. #.# #.##
###. .## ..##..##
..... ...#.. ...
... #.... #.# ...
#.#.##.##.# ...
...
####.......<.#
..#..#
#......M.#.###
##.##.#
..#.#a@.#...#
###......
#....#####.#
#........ #....#.
#...###.#..⌠...
#.#. ##
#.##....#......
#..
...#..........>.
..
#####.....#......
#
#........#..⌠...
#.##............
#.##....##......


You could see Menkaure and a worker ant.

Vanquished Creatures
  Sigmund (D:2)
  2 ogres
  A water moccasin skeleton (D:4)
  3 crimson imps
  5 centaur skeletons
  2 hounds
  A bullfrog skeleton (D:5)
  Natasha (thrice) (D:4)
  An iguana (D:6)
  3 worker ants (D:4)
  6 gnolls
  7 adders
  2 shadow imps
  An ooze (D:1)
  2 adder skeletons
  5 worms (D:2)
  2 dart slugs
  3 leopard geckos
  11 orcs
  4 ball pythons
  5 bats
  3 giant cockroaches
  9 goblins
  4 hobgoblins
  3 quokkas
  6 frilled lizards
  8 kobolds
  7 rats
110 creatures vanquished.

Notes
Turn   | Place    | Note
-------+----------+-------------------------------------------
     0 | D:1      | teukkam the Minotaur Fighter began the quest for the Orb.
     0 | D:1      | Reached XP level 1. HP: 19/19 MP: 0/0
   212 | D:3      | Reached XP level 2. HP: 27/27 MP: 1/1
   238 | D:4      | Reached XP level 3. HP: 33/33 MP: 2/2
   282 | D:4      | Noticed an ogre
   288 | D:4      | Killed an ogre
   288 | D:4      | Reached XP level 4. HP: 4/41 MP: 3/3
   317 | D:4      | Reached XP level 5. HP: 9/47 MP: 4/4
   319 | D:4      | Got a brightly glowing hand axe
   321 | D:4      | Identified the cursed +1 hand axe "Sarcophage" {chop, MR+
                  | Str+3} (You found it on level 4 of the Dungeon)
   325 | D:4      | Found a sacrificial altar of Ru.
   608 | D:4      | Found an iron altar of Okawaru.
   622 | D:4      | Reached skill level 5 in Fighting
   622 | D:4      | Reached skill level 5 in Armour
   622 | D:4      | Reached skill level 5 in Shields
   647 | D:4      | Noticed Natasha
   649 | D:4      | Killed Natasha
   669 | D:4      | Reached XP level 6. HP: 51/56 MP: 5/5
   701 | D:4      | Found a runed translucent door.
   701 | D:4      | Noticed Borgoz's ghost (amateur GrGl)
   705 | D:4      | Noticed Natasha
   715 | D:4      | Killed Natasha
   735 | D:4      | Got an ancient rapier
  1539 | D:2      | Identified the +8 rapier "Beastslayer" {pierce, rElec rF-
                  | Dex+6 SInv} (You found it on level 4 of the Dungeon)
  1700 | D:2      | Noticed Sigmund
  1705 | D:2      | Killed Sigmund
  1705 | D:2      | Reached skill level 1 in Short Blades
  1705 | D:2      | Reached XP level 7. HP: 48/62 MP: 6/6
  3132 | D:5      | Entered Level 5 of the Dungeon
  3643 | D:4      | Noticed Natasha
  3648 | D:4      | Killed Natasha
  3750 | D:6      | Reached XP level 8. HP: 67/71 MP: 7/7
  3753 | D:6      | Found a staircase to the Ecumenical Temple.
  3767 | Temple   | Entered the Ecumenical Temple
  3809 | Temple   | Became a worshipper of Dithmenos the Shadowed
  4322 | D:5      | Found a glowing silver altar of Zin.
  4323 | D:5      | Found a runed translucent door.
  4323 | D:5      | Noticed an angel
  4405 | D:5      | Got a translucent trident
  4408 | D:5      | Identified the +8 trident of Dim Light {drain, rC+ MP+9
                  | Int+3 SInv} (You found it on level 5 of the Dungeon)
  4741 | D:6      | Noticed Menkaure
  4750 | D:6      | Slain by Menkaure

Skill      XL: |  1  2  3  4  5  6  7 |
---------------+----------------------+-----
Fighting       | 4 5 6 |  6.8
Axes           | 3 4 |  4.6
Armour         | 4 5 6 |  6.7
Shields        | 4 5 6 |  6.7
Short Blades   | 1 3 |  3.4
Polearms       | |  0.8

Action                   |  1- 3 |  4- 6 |  7- 9 || total
-------------------------+-------+-------+-------++-------
Melee: War axe           |    20 |     4 |       ||    24
       Headbutt          |     5 |    17 |    19 ||    41
       Hand axe          |       |    87 |    50 ||   137
       Rapier            |       |    13 |    58 ||    71
       Trident           |       |       |    19 ||    19
 Fire: Hunting sling     |       |       |    10 ||    10
Evoke: Wand              |       |     1 |       ||     1
  Use: Scroll            |     1 |     2 |     2 ||     5
       Potion            |       |       |     1 ||     1
  Eat: Chunk             |       |     3 |     6 ||     9
       Ration            |       |       |     1 ||     1
Armor: Scale mail        |     6 |       |       ||     6
       Chain mail        |       |    48 |    67 ||   115
Dodge: Dodged            |    11 |    13 |    32 ||    56
Block: Shield            |     8 |    61 |    71 ||   140
